 Dungeon Crawl Stone Soup version 0.13.1-27-ga479965 (webtiles) character file.

376 Chiseanne the Firebug (level 6, -2/41 HPs)
             Began as a Mummy Fire Elementalist on Feb 15, 2014.
             Slain by a slave (5 damage)
             ... led by Pikel
             ... on Level 3 of the Dungeon.
             The game lasted 00:18:02 (12087 turns).

Chiseanne the Firebug (Mummy Fire Elementalist)    Turns: 12087, Time: 00:18:02

HP  -2/41        AC  3     Str 11      XL: 6   Next: 13%
MP   1/13        EV 12     Int 16      God:
Gold 77          SH  0     Dex 12      Spells:  4 memorised,  3 levels left

Res.Fire  : x . .   See Invis. : .   f - +1 orc dagger {*Rat-Impaler*}
Res.Cold  : + . .   Warding    : .   y - +1 orc robe (curse)
Life Prot.: + + +   Conserve   : .   (no shield)
Res.Poison: +       Res.Corr.  : .   (no helmet)
Res.Elec. : .       Clarity    : .   (no cloak)
Sust.Abil.: . .     Spirit.Shd : .   (no gloves)
Res.Mut.  : .       Stasis     : .   (no boots)
Res.Rott. : +       Flight     : .   (no amulet)
Saprovore : . . .                    (no ring)
                                     (no ring)

@: very slightly contaminated, somewhat resistant to hostile enchantments,
unstealthy
A: no food or potions, fire vulnerability, restore body, cold resistance 1, life
protection 3, poison resistance, torment resistance, unbreathing
a: no special abilities


You were on level 3 of the Dungeon.
You were not hungry.

You visited 1 branch of the dungeon, and saw 4 of its levels.

You collected 57 gold pieces.

Inventory:

Hand weapons
 a - a cursed +0,-2 hand axe
 f - a +1,+1 orcish dagger (weapon) {*Rat-Impaler*}
Missiles
 d - 8 poisoned needles
 h - 117 stones (quivered)
 i - 2 curare-tipped needles
 k - 21 arrows of frost
 n - 40 bolts
 o - 5 darts of frost
 p - 28 darts
 s - 20 arrows
 v - 19 arrows of flame
Armour
 y - a cursed +1 orcish robe (worn)
Magical devices
 x - a wand of fireball (9)
Scrolls
 l - a scroll of teleportation
 r - a scroll of recharging
Books
 b - a book of Flames

   Spells                             Type                      Level
   *Flame Tongue                      Conjuration/Fire             1
   *Throw Flame                       Conjuration/Fire             2
   *Conjure Flame                     Conjuration/Fire             3
   *Inner Flame                       Hexes/Fire                   3
   Sticky Flame                       Conjuration/Fire             4
   Fireball                           Conjuration/Fire             5
 t - a book of Debilitation

   Spells                             Type                      Level
   Corona                             Hexes                        1
   Slow                               Hexes                        2
   *Inner Flame                       Hexes/Fire                   3
   Enslavement                        Hexes                        4
   Cause Fear                         Hexes                        4
   Leda's Liquefaction                Hexes/Earth                  4


   Skills:
 - Level 1.5 Dodging
 - Level 1.5 Stealth
 * Level 3.7 Spellcasting
 - Level 0.7 Conjurations
 * Level 4.6 Fire Magic


You had 3 spell levels left.
You knew the following spells:

 Your Spells              Type           Power        Failure   Level  Hunger
a - Flame Tongue          Conj/Fire      ##...        8%          1    N/A
b - Throw Flame           Conj/Fire      ##....       10%         2    N/A
c - Conjure Flame         Conj/Fire      ##......     17%         3    N/A
d - Inner Flame           Hex/Fire       ##......     21%         3    N/A

Dungeon Overview and Level Annotations

Branches:
Dungeon (4/27)
 Temple: D:4-7

Altars:
Elyvilon
the Shining One

Annotations:
D:3 Pikel


Innate Abilities, Weirdness & Mutations

You do not eat or drink.
Your flesh is vulnerable to fire.
Your flesh is cold resistant.
You are immune to negative energy.
Your system is resistant to poisons.
You are immune to unholy pain and torment.
You can survive without breathing.


Message History

Casting: Flame Tongue
Confirm with . or Enter, or press ? or * to list all spells.
Aiming: Flame Tongue
Press: ? - help, Shift-Dir - straight line, f/p - slave
Aim: a slave wearing an animal skin (almost dead)
You miscast Flame Tongue.
Strange energies run through your body. The slave hits you.
* * * LOW HITPOINT WARNING * * *
The giant mite bites you.
* * * LOW HITPOINT WARNING * * *
You hit the slave.
The slave is almost dead.
The slave hits you.
* * * LOW HITPOINT WARNING * * *
The giant mite bites you.
* * * LOW HITPOINT WARNING * * *
You barely miss the slave.
The slave is almost dead.
The slave hits you.
You die...

#.#....%.............#
#.#...........########
#.#...........# #
#..........##.########
#.....................
#..........##.########
#..........##.#
#######.###########.########
#.........@@s...............
#........####..........#####
#........# #..........#
########## #..........#
#..........# ############


You could see a slave and a giant mite.

Vanquished Creatures
  Blork the orc (D:4)
  2 worker ants
  9 adders
  A worm (D:2)
  3 oozes
  7 orcs
  5 ball pythons
  11 goblins
  14 hobgoblins
  2 jackals (D:1)
  4 quokkas
  14 bats
  A giant gecko (D:1)
  4 giant newts
  10 kobolds
  11 rats
99 creatures vanquished.

Notes
Turn   | Place    | Note
--------------------------------------------------------------
     0 | D:1      | Chiseanne, the Mummy Fire Elementalist, began the quest for the Orb.
     0 | D:1      | Reached XP level 1. HP: 13/13 MP: 3/3
   549 | D:1      | Reached XP level 2. HP: 11/19 MP: 2/4
   705 | D:1      | Found a glowing golden altar of the Shining One.
  1127 | D:1      | Reached skill level 3 in Fire Magic
  1468 | D:2      | Reached XP level 3. HP: 12/24 MP: 2/5
  3048 | D:2      | Found a white marble altar of Elyvilon.
  3101 | D:2      | Reached XP level 4. HP: 23/30 MP: 7/7
  3875 | D:1      | Learned a level 2 spell: Throw Flame
  3879 | D:1      | Learned a level 3 spell: Conjure Flame
  8679 | D:1      | Noticed a centaur warrior
  8719 | D:3      | Reached skill level 4 in Fire Magic
  9587 | D:3      | Reached XP level 5. HP: 35/35 MP: 0/10
  9592 | D:3      | Learned a level 3 spell: Inner Flame
  9744 | D:4      | Noticed Blork the orc
 10098 | D:4      | Killed Blork the orc
 11237 | D:4      | Noticed Pikel
 11237 | D:4      | Noticed a slave
 11238 | D:4      | Noticed a slave
 11837 | D:3      | Reached XP level 6. HP: 41/41 MP: 4/13
 12048 | D:4      | Noticed a slave
 12048 | D:4      | Noticed a slave
 12086 | D:3      | HP: 2/41 [giant mite (2)]
 12087 | D:3      | Slain by a slave

Action                   |  1- 3 |  4- 6 || total
-------------------------+-------+-------++-------
Melee: Dagger            |   113 |    54 ||   167
 Cast: Flame Tongue      |    48 |    53 ||   101
       Throw Flame       |       |    72 ||    72
       Conjure Flame     |       |     8 ||     8
       Inner Flame       |       |     1 ||     1
  Use: Scroll            |       |    12 ||    12
 Stab: Sleeping          |     1 |       ||     1
       Distracted        |     1 |       ||     1
